 Dungeon Crawl Stone Soup version 0.22.1-2-g9c5b331383 (webtiles) character file.

31234 Gargoyl the Corrupter of Planes (level 13, -4/117 HPs)
             Began as a Centaur Abyssal Knight on Dec 3, 2018.
             Was the Champion of Lugonu.
             Slain by a frost giant
             ... wielding a +1 battleaxe of freezing
              (8 damage)
             ... in an ice cave.
             The game lasted 00:33:11 (17810 turns).

Gargoyl the Corrupter of Planes (CeAK)             Turns: 17810, Time: 00:33:12

Health: -4/117     AC: 18    Str: 18    XL:     13   Next: 24%
Magic:  21/21      EV:  8    Int: 18    God:    Lugonu [******]
Gold:   999        SH:  9    Dex:  9    Spells: 12/12 levels left

rFire    . . .     SeeInvis .   d - +8 short sword "Beetlebane" {elec, rElec Int+7}
rCold    + . .     Gourm    .   p - +0 shield
rNeg     . . .     Faith    .   v - +3 scale mail
rPois    .         Spirit   .   y - +0 helmet
rElec    +         Reflect  .   H - +2 cloak
rCorr    .         Harm     .   (no gloves)
MR       .....                  (no barding)
Stlth    ..........             I - amulet of the acrobat
HPRegen  0.29/turn              k - ring of protection from cold
MPRegen  0.17/turn              D - +4 ring of slaying

@: very quick
A: large, hooves 3, molten scales 1, blink, clumsy 1, deformed body, speed 2,
robust 1, tough skin 3
a: Blink, Depart the Abyss, Bend Space, Banish, Corrupt, Enter the Abyss, Brand
Weapon With Distortion, Renounce Religion


You were in an ice cave.
You worshipped Lugonu.
Lugonu was exalted by your worship.
You were not hungry.

You visited 2 branches of the dungeon, and saw 14 of its levels.
You visited the Abyss 2 times.
You also visited: Sewer and Ice Cave.

You collected 999 gold pieces.

Inventory:

Hand Weapons
 a - a +1 hand axe
 d - the +8 short sword "Beetlebane" (weapon) {elec, rElec Int+7}
   (You found it on level 2 of the Abyss)

   Occasionally, upon striking a foe, it will discharge some electrical energy
   and cause terrible harm.
   It affects your intelligence (+7).
   It insulates you from electricity.
 A - a +2 long sword of slicing
Missiles
 e - 2 javelins (quivered)
Armour
 p - a +0 shield (worn)
 v - a +3 scale mail (worn)
 y - a +0 helmet (worn)
 H - a +2 cloak (worn)
Jewellery
 k - a ring of protection from cold (left hand)
 n - an uncursed ring of positive energy
 D - a +4 ring of slaying (right hand)
 I - an amulet of the acrobat (around neck)
Wands
 i - a wand of random effects (47)
 o - a wand of acid (12)
 r - a wand of iceblast (17)
 t - a wand of paralysis (7)
 F - a wand of digging (14)
Scrolls
 h - 3 scrolls of blinking
 j - 5 scrolls of teleportation
 s - 7 scrolls of remove curse
 u - 3 scrolls of fog
 B - 3 scrolls of fear
 C - 3 scrolls of identify
 E - 5 scrolls of enchant weapon
 G - a scroll of amnesia
Potions
 b - 2 potions of invisibility
 g - 2 potions of flight
 l - 4 potions of lignification
 m - 3 potions of might
 q - a potion of brilliance
 w - 3 potions of curing
 x - a potion of heal wounds {unknown}
 z - 2 potions of cancellation {unknown}
Comestibles
 c - 30 rations
 f - 11 chunks of flesh


   Skills:
 + Level 8.0 Fighting
 + Level 10.4 Short Blades
 + Level 1.9 Axes
 + Level 1.6 Throwing
 * Level 9.5 Armour
 + Level 4.6 Dodging
 + Level 5.6 Shields
 * Level 11.1 Invocations


You had 12 spell levels left.
You didn't know any spells.
Your spell library contained the following spells:

 Spells                   Type           Power        Failure   Level  Hunger
 Beastly Appendage        Tmut           #.....       75%         1    ##.....
 Sandblast                Erth           #.....       75%         1    ##.....
 Summon Small Mammal      Summ           #...         75%         1    ##.....
 Call Imp                 Summ           #.......     87%         2    ###....
 Passwall                 Tmut/Erth      #.......     87%         2    ###....
 Sticks to Snakes         Tmut           #.......     87%         2    ###....
 Call Canine Familiar     Summ           #.......     98%         3    ####...
 Spider Form              Tmut/Pois      #.........   98%         3    ####...
 Stone Arrow              Conj/Erth      #.....       98%         3    ####...
 Summon Guardian Golem    Hex/Summ       #.......     98%         3    ####...
 Ice Form                 Ice/Tmut       #.......     100%        4    #####..
 Petrify                  Tmut/Erth      #.......     100%        4    #####..
 Summon Ice Beast         Ice/Summ       #.......     100%        4    #####..
 Summon Lightning Spire   Summ/Air       #.......     100%        4    #####..
 Blade Hands              Tmut           #.........   100%        5    ######.
 Bolt of Magma            Conj/Fire/Erth #.........   100%        5    ######.
 Iskenderun's Battlesphe  Conj/Chrm      #.......     100%        5    ######.
 Lee's Rapid Deconstruct  Erth           #.........   100%        5    ######.
 Venom Bolt               Conj/Pois      #.........   100%        5    ######.
 Iron Shot                Conj/Erth      #.........   100%        6    #######
 Orb of Destruction       Conj           #.........   100%        7    #######
 Spellforged Servitor     Conj/Summ      #.........   100%        7    #######


Dungeon Overview and Level Annotations

Branches:
Dungeon (11/15)            Temple (0/1) D:7            Lair (3/6) D:11
  Swamp (0/4) Lair:2       Spider (0/4) Lair:2          Orc (0/2) D:10

Altars:
Cheibriados
Elyvilon
Fedhas
Gozag
Kikubaaqudgha
Nemelex Xobeh
Ru
Trog
Uskayaw
Xom
Yredelemnul
Zin


Innate Abilities, Weirdness & Mutations

You have hooves in place of feet.
Armour fits poorly on your strangely shaped body.
You cover ground very quickly.
You have extremely tough skin. (AC +3)
You are partially covered in molten scales. (AC +2)
You can translocate small distances at will.
You are clumsy. (Dex -2)
You are robust. (+10% HP)


Message History

You hit the frost giant.
The frost giant is moderately wounded.
The frost giant hits you with a battleaxe of freezing!!
The frost giant freezes you.
You hit the frost giant.
The frost giant is moderately wounded.
You hit the frost giant. You kick the frost giant!
The frost giant is moderately wounded.
The frost giant hits you with a battleaxe of freezing!!
* * * LOW HITPOINT WARNING * * *
The frost giant freezes you.
* * * LOW HITPOINT WARNING * * *
You feel better.
The frost giant points at you and mumbles some strange words.
The bolt of cold misses you.
You feel better.
The frost giant hits you with a battleaxe of freezing!!
* * * LOW HITPOINT WARNING * * *
The frost giant freezes you!
You die... .YY. hCkh.

## #.h... †### #...h ...# ##...
..## ##..# ##.####≈≈≈##.(##
###..##≈≈≈###YY###
#...##≈≈≈≈≈≈##hC@### ###
##..#≈≈≈≈≈≈≈≈#.##..#####.###
..###≈≈≈≈≈≈≈≈≈≈.#.#..##.#..###
#..##≈≈≈≈≈≈≈##.#.####..####..#
##..##≈≈≈≈≈≈≈##(.####### #..###
...####≈≈≈# ####...### ##...##
..####≈≈≈######....#...###..⌠..#
.#.##≈≈##..##.....####..###...##
..#††######......## ##......##


You could see a frost giant, a polar bear and 2 yaks.

Vanquished Creatures
  A hydra (Lair:2)
  The ghost of Knicklaso the Thaumaturge, a journeyman GnWz of Ashenzari (D:10)
  A death yak (IceCv)
  3 two-headed ogres (D:10)
  Sonja (Lair:3)
  A manticore (D:11)
  Psyche (D:11)
  An ice statue (IceCv)
  5 spiny frogs
  4 komodo dragons
  A tengu conjurer (D:11)
  A hornet (D:10)
  14 polar bears (IceCv)
  2 jumping spiders (Lair:2)
  2 bog bodies (Lair:2)
  Grinder (D:3)
  A blink frog (shapeshifter) (D:10)
  3 hippogriffs
  6 redbacks (Lair:2)
  A wyvern (D:10)
  3 hogs (D:8)
  25 yaks
  4 humans
  3 hungry ghosts
  3 basilisks
  3 water moccasins
  A soldier ant (D:10)
  2 swamp worms (Lair:2)
  9 porcupines
  9 orc warriors
  3 sky beasts
  10 ice beasts
  2 eyes of draining (D:9)
  3 phantoms
  5 ogres
  3 centaurs
  35 wolves
  4 crocodiles
  12 big kobolds
  5 bullfrogs
  A wyvern skeleton (D:9)
  A scorpion (D:6)
  5 killer bees (D:10)
  An electric eel (Lair:2)
  3 wights (D:11)
  3 howler monkeys
  A crimson imp (D:5)
  3 orc priests
  A jelly (D:10)
  2 centaur skeletons
  6 hounds
  An iron imp (D:5)
  15 orc wizards
  3 bullfrog skeletons
  9 iguanas
  Natasha (twice) (D:2)
  9 worker ants
  4 gnolls (D:6)
  15 adders
  A shadow imp (D:8)
  6 oozes
  3 adder zombies
  9 worms
  11 dart slugs
  8 leopard geckos
  46 orcs
  2 ball pythons
  5 giant cockroaches
  9 goblins
  11 hobgoblins
  17 jackals
  40 kobolds
  5 quokkas
  9 bats
  9 frilled lizards
  A leopard gecko zombie (D:5)
  A quokka skeleton (D:5)
  16 rats
  A bush (D:9)
  A starspawn tentacle (Abyss:2)
491 creatures vanquished.

Vanquished Creatures (others)
  An unseen horror (D:10)
  A rime drake (IceCv)
  A yak (IceCv)
  A human (D:4)
  5 plants (Lair:1)
  3 starspawn tentacles
12 creatures vanquished.

Grand Total: 503 creatures vanquished

Notes
Turn   | Place    | Note
-------+----------+-------------------------------------------
     0 | Abyss:1  | Gargoyl the Centaur Abyssal Knight began the quest for the
                  | Orb.
     0 | Abyss:1  | Reached XP level 1. HP: 19/19 MP: 2/2
    49 | Abyss:2  | Gained mutation: You are robust. (+10% HP) [potion of
                  | mutation]
    49 | Abyss:2  | Gained mutation: You can translocate small distances at
                  | will. [potion of mutation]
    49 | Abyss:2  | Gained mutation: You are partially covered in molten
                  | scales. (AC +2) [potion of mutation]
    87 | Abyss:2  | Noticed an efreet
    90 | Abyss:2  | Noticed a large abomination
    94 | Abyss:2  | Got an ebony short sword
    98 | Abyss:2  | Identified the +8 short sword "Beetlebane" {elec, rElec
                  | Int+7} (You found it on level 2 of the Abyss)
   101 | D:1      | Escaped the Abyss
   490 | D:1      | Reached * piety under Lugonu
   490 | D:1      | Reached XP level 2. HP: 28/28 MP: 3/3
   913 | D:1      | Reached XP level 3. HP: 33/34 MP: 4/4
  1037 | D:2      | Reached ** piety under Lugonu
  1330 | D:2      | Reached XP level 4. HP: 37/42 MP: 6/6
  1429 | D:2      | Reached skill level 1 in Short Blades
  1725 | D:2      | Found a basalt altar of Yredelemnul.
  1749 | D:2      | Noticed Natasha
  1758 | D:2      | Killed Natasha
  1758 | D:2      | Reached skill level 3 in Invocations
  1771 | D:2      | Noticed Natasha
  1779 | D:2      | Killed Natasha
  1779 | D:2      | Reached XP level 5. HP: 38/50 MP: 7/7
  1971 | D:2      | Reached skill level 1 in Dodging
  2308 | D:3      | Reached skill level 4 in Invocations
  2591 | D:3      | Noticed Grinder
  2602 | D:3      | Killed Grinder
  2602 | D:3      | Reached XP level 6. HP: 39/57 MP: 9/9
  2736 | D:3      | Found a hide-covered altar of Uskayaw.
  3128 | D:3      | Reached *** piety under Lugonu
  3208 | D:4      | Reached XP level 7. HP: 52/63 MP: 10/10
  3274 | D:4      | Found a glowing silver altar of Zin.
  3448 | D:4      | Reached skill level 1 in Shields
  3885 | D:4      | Found an ancient bone altar of Kikubaaqudgha.
  3974 | D:4      | Found a shimmering altar of Xom.
  4045 | D:4      | Found an ancient bone altar of Kikubaaqudgha.
  4047 | D:4      | Noticed a human
  4049 | D:4      | Killed a human
  4386 | D:5      | Entered Level 5 of the Dungeon
  4458 | D:5      | Noticed a hungry ghost
  4463 | D:5      | Killed a hungry ghost
  4463 | D:5      | Reached skill level 5 in Invocations
  4482 | D:5      | Found a snail-covered altar of Cheibriados.
  4625 | D:5      | Found a glowing drain.
  4638 | Sewer    | Entered a sewer
  4762 | Sewer    | Reached XP level 8. HP: 72/72 MP: 12/12
  4883 | Sewer    | Reached **** piety under Lugonu
  4974 | Sewer    | Reached skill level 6 in Invocations
  5301 | D:5      | Found an opulent altar of Gozag.
  5301 | D:5      | Found a white marble altar of Elyvilon.
  5350 | D:5      | Noticed a moth of wrath
  5353 | D:5      | Found a bloodstained altar of Trog.
  5434 | D:5      | Reached skill level 5 in Short Blades
  5707 | D:5      | Found a sacrificial altar of Ru.
  5937 | D:6      | Reached ***** piety under Lugonu
  5990 | D:6      | Reached XP level 9. HP: 62/79 MP: 13/13
  6012 | D:6      | Reached skill level 5 in Armour
  6554 | D:6      | Found a sparkling altar of Nemelex Xobeh.
  6938 | D:7      | Reached skill level 7 in Invocations
  7010 | D:7      | Found a staircase to the Ecumenical Temple.
  7464 | D:7      | Found a blossoming altar of Fedhas.
  8052 | D:8      | Got a shimmering platinum amulet
  8399 | D:8      | Reached skill level 5 in Fighting
  8399 | D:8      | Reached XP level 10. HP: 57/89 MP: 15/15
  8994 | D:9      | Found a bloodstained altar of Trog.
  9025 | D:9      | Reached ****** piety under Lugonu
  9423 | D:10     | Entered Level 10 of the Dungeon
  9436 | D:10     | Noticed a two-headed ogre
  9441 | D:10     | Killed a two-headed ogre
  9441 | D:10     | Reached skill level 1 in Throwing
  9441 | D:10     | Reached skill level 8 in Invocations
  9591 | D:10     | Noticed a harpy
  9598 | D:10     | a harpy changed into a blink frog
  9696 | D:10     | Banished an unseen horror
 10138 | D:10     | Found a transporter.
 10138 | D:10     | Noticed a two-headed ogre
 10139 | D:10     | Found a transporter.
 10139 | D:10     | Noticed Knicklaso's ghost (journeyman GnWz)
 10139 | D:10     | Noticed a two-headed ogre
 10152 | D:10     | Found an opulent altar of Gozag.
 10352 | D:10     | Reached XP level 11. HP: 89/97 MP: 17/17
 10665 | D:10     | Found a staircase to the Orcish Mines.
 10836 | D:10     | Killed a two-headed ogre
 11213 | D:10     | Killed a two-headed ogre
 11455 | D:10     | Killed Knicklaso's ghost
 11455 | D:10     | Reached skill level 9 in Invocations
 11464 | D:10     | Got a fine great mace {freeze}
 11464 | D:10     | Got an iridescent dire flail {vamp}
 11481 | D:10     | Identified the +5 great mace of Exquisite Death {freeze,
                  | *Contam rPois Str+6 Dex-4} (You took it off a two-headed
                  | ogre on level 10 of the Dungeon)
 11486 | D:10     | Identified the cursed +1 dire flail of the Eggplant {vamp,
                  | +Inv +Fly Str+2 Dex+3} (You took it off a two-headed ogre
                  | on level 10 of the Dungeon)
 11551 | D:11     | Gained mutation: You are clumsy. (Dex -2) [mutagenic glow]
 11591 | D:11     | Identified the amulet of Qyjeun Bie {Inacc rElec rPois
                  | Dex-2} (You found it on level 8 of the Dungeon)
 11969 | D:11     | Found a staircase to the Lair.
 12441 | D:11     | Cast into level 1 of the Abyss (kobold)
 12451 | Abyss:1  | Noticed a thrashing horror
 12453 | Abyss:1  | Noticed a tentacled starspawn
 12520 | Abyss:2  | Noticed a tentacled starspawn
 12527 | Abyss:2  | Noticed a large abomination
 12531 | D:11     | Escaped the Abyss
 12647 | D:11     | Noticed Psyche
 12658 | D:11     | Killed Psyche
 12696 | Lair:1   | Entered Level 1 of the Lair of Beasts
 13273 | Lair:1   | Reached XP level 12. HP: 77/106 MP: 19/19
 14358 | Lair:2   | Reached skill level 10 in Invocations
 14546 | Lair:2   | Noticed a five-headed hydra
 14554 | Lair:2   | Killed a five-headed hydra
 14865 | Lair:2   | Found a hole to the Spider Nest.
 15387 | Lair:2   | Found a staircase to the Swamp.
 15836 | Lair:3   | Noticed Sonja
 15855 | Lair:3   | Killed Sonja
 16211 | Lair:3   | Reached skill level 5 in Shields
 16330 | Lair:3   | Reached skill level 10 in Short Blades
 16591 | Lair:3   | Found a frozen archway.
 16636 | IceCv    | Entered an ice cave
 17267 | IceCv    | Reached XP level 13. HP: 114/117 MP: 21/21
 17606 | IceCv    | Reached skill level 11 in Invocations
 17779 | IceCv    | Noticed a frost giant
 17810 | IceCv    | HP: 4/117 [frost giant/battleaxe of freezing (33)]
 17810 | IceCv    | Slain by a frost giant

Skill      XL: |  1  2  3  4  5  6  7  8  9 10 11 12 13 |
---------------+----------------------------------------+-----
Armour         | 2 3 4 6 7 8 9 |  9.5
Short Blades   | 1 2 3 5 6 7 9 10 | 10.4
Invocations    | 3 4 5 6 7 8 9 10 11 | 11.1
Dodging        | 1 2 3 4 |  4.6
Shields        | 1 2 3 4 5 |  5.6
Fighting       | 4 5 6 7 8 |  8.0
Throwing       | 1 |  1.6
Axes           | |  1.9

Action                   |  1- 3 |  4- 6 |  7- 9 | 10-12 | 13-15 || total
-------------------------+-------+-------+-------+-------+-------++-------
Melee: Short sword       |    58 |   131 |   369 |   802 |   138 ||  1498
       Kick              |     4 |    15 |    64 |   175 |    36 ||   294
Throw: Javelin           |     1 |     1 |     2 |    13 |     3 ||    20
Invok: Depart the Abyss  |     1 |       |       |     1 |       ||     2
       Banish            |       |       |       |     2 |       ||     2
       Bend Space        |       |       |       |     1 |       ||     1
  Use: Potion            |     2 |       |       |     1 |     2 ||     5
       Scroll            |       |     9 |     9 |     9 |       ||    27
  Eat: Chunk             |       |     5 |    15 |    25 |     2 ||    47
       Ration            |       |       |       |     2 |       ||     2
Armor: Leather armour    |    27 |    27 |       |       |       ||    54
       Chain mail        |       |    32 |    25 |       |       ||    57
       Scale mail        |       |       |   130 |   357 |    48 ||   535
Dodge: Dodged            |    32 |    31 |    70 |   224 |    39 ||   396
Block: Shield            |       |    43 |   119 |   265 |    62 ||   489
